 Dungeon Crawl Stone Soup version 0.21.1-1-g345015f (webtiles) character file.

308 prawnwizard the Stinger (level 6, -5/36 HPs)
             Began as an Octopode Venom Mage on July 3, 2018.
             Shot with an arrow by a centaur (11 damage)
             ... on level 4 of the Dungeon.
             The game lasted 00:13:25 (4183 turns).

prawnwizard the Stinger (Octopode Venom Mage)       Turns: 4183, Time: 00:13:26

Health: -5/36      AC:  1    Str:  8    XL:     6   Next: 40%
Magic:  17/19      EV: 13    Int: 19    God:
Gold:   307        SH:  0    Dex: 12    Spells: 5/11 levels left

rFire    . . .     SeeInvis .   o - +0 halberd (protect)
rCold    . . .     Gourm    .   (shield currently unavailable)
rNeg     . . .     Faith    .   (helmet restricted)
rPois    .         Spirit   .   (no amulet)
rElec    .         Reflect  .   e - ring of magical power
rCorr    .         Harm     .   (no ring)
MR       .....                  (no ring)
Stlth    ++++......             (no ring)
HPRegen  0.12/turn              (no ring)
MPRegen  0.16/turn              (no ring)
                                (no ring)
                                (no ring)

@: no status effects
A: almost no armour, stealthy swim, amphibious, 8 rings, constrict 8, camouflage
1, gelatinous body 1
a: no special abilities


You were on level 4 of the Dungeon.
You were hungry.

You visited 1 branch of the dungeon, and saw 4 of its levels.

You collected 307 gold pieces.

Inventory:

Hand Weapons
 l - a +2 dagger of freezing
 o - a +0 halberd of protection (weapon)
Jewellery
 e - a ring of magical power (left tentacle)
 s - an uncursed amulet of regeneration {unknown}
Wands
 q - a wand of paralysis (12)
Scrolls
 d - 3 scrolls of amnesia {unknown}
 g - 2 scrolls of teleportation {unknown}
 h - a scroll of enchant armour {unknown}
 j - 2 scrolls of enchant weapon {unknown}
 n - a scroll of magic mapping {unknown}
 p - 5 scrolls of identify {unknown}
 r - 2 scrolls of remove curse {unknown}
Potions
 c - a potion of lignification {unknown}
 f - a potion of curing {unknown}
 i - a potion of berserk rage {unknown}
Books
 a - a Young Poisoner's Handbook

   Spells                             Type                      Level
   a - Sting                          Conjuration/Poison           1
   b - Poisonous Vapours              Poison/Air                   2
   c - Mephitic Cloud                 Conjuration/Poison/Air       3
   d - Olgreb's Toxic Radiance        Poison                       4
   e - Venom Bolt                     Conjuration/Poison           5
 m - a book of Misfortune

   Spells                             Type                      Level
   a - Confusing Touch                Hexes                        1
   b - Confuse                        Hexes                        3
   c - Gell's Gravitas                Translocation                3
   d - Petrify                        Transmutation/Earth          4
   e - Metabolic Englaciation         Hexes/Ice                    5
   f - Yara's Violent Unravelling     Hexes/Transmutation          5
Comestibles
 b - 7 rations
 k - 2 chunks of flesh


   Skills:
 - Level 2.1 Dodging
 + Level 4.8 Stealth
 + Level 3.2 Spellcasting
 + Level 2.8 Conjurations
 * Level 5.8 Poison Magic


You had 5 spell levels left.
You knew the following spells:

 Your Spells              Type           Power        Failure   Level  Hunger
a - Sting                 Conj/Pois      ###.         2%          1    None
b - Poisonous Vapours     Pois/Air       ##....       7%          2    ##.....
c - Mephitic Cloud        Conj/Pois/Air  ##......     14%         3    ###....


Dungeon Overview and Level Annotations

Branches:
Dungeon (4/15)
 Temple: D:4-7

Altars:
Xom

Shops:
D:4 %


Innate Abilities, Weirdness & Mutations

You cannot wear most types of armour.
You are very stealthy in the water. (Stealth+)
You are amphibious.
You can wear up to eight rings at the same time.
You can use your tentacles to constrict eight enemies at once.
Your skin changes colour to match your surroundings (Stealth+).
Your rubbery body absorbs attacks. (AC +1, EV +1)


Message History

Casting: Poisonous Vapours
Confirm with . or Enter, or press ? or * to list all spells.
Aiming: Sting
Press: ? - help, Shift-Dir - straight line, f/p - centaur
Aim: a centaur, wielding a shortbow (heavily wounded)
The sting hits the centaur.
The centaur is poisoned.
The centaur is severely wounded.
The centaur shoots an arrow.
The arrow closely misses you.
You are too injured to fight recklessly!
Casting: Sting
Confirm with . or Enter, or press ? or * to list all spells.
Aiming: Sting
Press: ? - help, Shift-Dir - straight line, f/p - centaur
Aim: a centaur, wielding a shortbow (severely wounded, poisoned)
The sting hits the centaur.
The centaur is almost dead.
The centaur shoots an arrow.
The arrow hits you!
* * * LOW HITPOINT WARNING * * *
The centaur shoots an arrow.
The arrow hits you!
You die...

..###.###.(###...#####'### #)....
....#.####.###...###.+∩'.###.....
.........).).........#'#.........
.##.#.####.)##....#(#..####......
.##.#.# #....#............#.#####
.##.#.# #....#......#####.#.##...
.##.#.# #....###....# #.#.##.#.
.##.#.###....# #....#####.#......
.##..........###@.........#.#....
.########.....##((.#######....#.#
....(.......c..c.........'....'..
.##........##(##...#######....#.#
..'.................... #....#.#
.##...c....##..##....#. #..^.#.#
.##........###.##..#.# #....#.#
.##...c....# #.##..#.# ######..
.##........# #.##..#.. ........


You could see a centaur.

Vanquished Creatures
  An orc priest (D:4)
  An orc wizard (D:4)
  2 hound skeletons (D:4)
  A howler monkey zombie (D:2)
  3 gnolls (D:3)
  5 adders
  2 worms (D:3)
  3 dart slugs
  6 leopard geckos
  23 orcs
  2 ball pythons
  5 bats
  3 giant cockroaches
  8 goblins
  6 hobgoblins
  4 jackals (D:3)
  10 kobolds
  3 quokkas
  A ball python skeleton (D:4)
  3 frilled lizards
  10 rats
102 creatures vanquished.

Notes
Turn   | Place    | Note
-------+----------+-------------------------------------------
     0 | D:1      | prawnwizard the Octopode Venom Mage began the quest for the Orb.
     0 | D:1      | Reached XP level 1. HP: 11/11 MP: 3/3
   232 | D:1      | Reached XP level 2. HP: 17/17 MP: 1/5
   390 | D:1      | Reached skill level 4 in Poison Magic
   440 | D:1      | Learned a level 2 spell: Poisonous Vapours
   568 | D:1      | Reached XP level 3. HP: 7/21 MP: 0/6
  1699 | D:2      | Reached XP level 4. HP: 27/27 MP: 7/7
  2118 | D:3      | Found a shimmering altar of Xom.
  2397 | D:3      | Reached XP level 5. HP: 31/31 MP: 9/9
  2460 | D:3      | Reached skill level 5 in Poison Magic
  3544 | D:4      | Noticed a centaur
  3613 | D:4      | Learned a level 3 spell: Mephitic Cloud
  3657 | D:4      | Reached XP level 6. HP: 26/36 MP: 9/10
  3810 | D:4      | Found Imatogie's Food Boutique.
  4183 | D:4      | Shot with an arrow by a centaur

Skill      XL: |  1  2  3  4  5 |
---------------+----------------+-----
Stealth        | 3 4 |  4.8
Poison Magic   | 4 5 |  5.8
Conjurations   | 2 |  2.8
Spellcasting   | 3 |  3.2
Dodging        | |  2.1

Action                   |  1- 3 |  4- 6 || total
-------------------------+-------+-------++-------
Melee: Unarmed           |    18 |       ||    18
       Constrict         |     9 |    13 ||    22
       Tentacles         |     3 |     6 ||     9
       Dagger            |     7 |    24 ||    31
       Halberd           |       |    29 ||    29
 Cast: Sting             |    49 |    50 ||    99
       Poisonous Vapours |     8 |    47 ||    55
 Stab: Sleeping          |       |     2 ||     2
  Eat: Chunk             |     3 |    10 ||    13
Armor: Skin              |     2 |    10 ||    12
Dodge: Dodged            |    13 |    62 ||    75
